 Dungeon Crawl Stone Soup version 0.29.1-1-gd02db6906a (webtiles) character file.

Game seed: 16086890173840920307

403 sleeves the Conjurer (level 6, 0/45 HPs)
             Began as a Hill Orc Hedge Wizard on Sept 25, 2022.
             Slain by Blork the orc
             ... wielding a +8 quarterstaff
              (3 damage)
             ... on level 4 of the Dungeon.
             The game lasted 00:09:45 (6409 turns).

sleeves the Conjurer (Hill Orc Hedge Wizard)        Turns: 6409, Time: 00:09:46

Health: 0/45       AC:  8    Str: 13    XL:     6   Next: 86%
Magic:  4/9        EV: 11    Int: 16    God:
Gold:   216        SH:  0    Dex: 10    Spells: 6/9 levels left

rFire   + . .      SeeInvis .   a - +0 dagger (venom)
rCold   . . .      Faith    .   (no shield)
rNeg    . . .      Spirit   .   s - +3 leather armour {rF+}
rPois   .          Reflect  .   o - +0 helmet
rElec   .          Harm     .   (no cloak)
rCorr   .          Rampage  .   (no gloves)
Will    .....                   n - +0 pair of boots
Stlth   +.........              (no amulet)
HPRegen 0.15/turn               j - +4 ring of slaying
MPRegen 0.11/turn               (no ring)

@: no status effects
A: no striking features
a: no special abilities


You were on level 4 of the Dungeon.
You visited 1 branch of the dungeon, and saw 4 of its levels.

You collected 216 gold pieces.

Inventory:

Hand Weapons
 a - a +0 dagger of venom (weapon)
   (You took it off a goblin on level 3 of the Dungeon)
 c - a +3 dagger
   (You took it off a goblin on level 3 of the Dungeon)
Armour
 n - a +0 pair of boots (worn)
   (You found it on level 3 of the Dungeon)
 o - a +0 helmet (worn)
   (You took it off Robin on level 3 of the Dungeon)
 s - a +3 leather armour of fire resistance (worn)
   (You found it on level 1 of the Dungeon)
Jewellery
 j - a +4 ring of slaying (left hand)
   (You found it on level 2 of the Dungeon)
Wands
 t - a wand of digging (4)
   (You found it on level 4 of the Dungeon)
 u - a wand of iceblast (8)
   (You found it on level 4 of the Dungeon)
 v - a wand of acid (4)
   (You found it on level 4 of the Dungeon)
Scrolls
 e - a scroll of acquirement {unknown}
 g - 3 scrolls of fear {unknown}
 h - 7 scrolls of identify {unknown}
 i - a scroll of blinking {unknown}
 l - 2 scrolls of noise {unknown}
 r - a scroll of teleportation {unknown}
Potions
 b - 2 potions of heal wounds {unknown}
 d - 2 potions of magic
 f - 2 potions of attraction
 k - 2 potions of mutation {unknown}
 m - a potion of resistance {unknown}
 p - a potion of curing
 q - a potion of flight {unknown}


   Skills:
 - Level 1.5 Dodging
 - Level 1.5 Stealth
 - Level 2.4 Spellcasting
 + Level 6.8 Conjurations
 - Level 1.0 Summonings
 - Level 0.7 Translocations


You had 6 spell levels left.
You knew the following spells:

 Your Spells              Type           Power      Damage    Failure   Level
a - Magic Dart            Conj           92%        1d7       1%          1
b - Searing Ray           Conj           46%        2d6       2%          2

Your spell library contained the following spells:

 Spells                   Type           Power      Damage    Failure   Level
 Conjure Flame            Conj/Fire      12%        6-21      19%         3
 Slow                     Hex            4%         N/A       26%         1
 Call Imp                 Summ           5%         N/A       26%         2
 Blink                    Tloc           8%         N/A       28%         2
 Mephitic Cloud           Conj/Pois/Air  9%         N/A       30%         3
 Fulminant Prism          Conj/Hex       6%         3d7       52%         4
 Frozen Ramparts          Ice            2%         1d1       58%         3
 Summon Ice Beast         Ice/Summ       3%         N/A       90%         4
 Ice Form                 Ice/Tmut       1%         N/A       94%         4


Dungeon Overview and Level Annotations

Branches:
Dungeon (4/15)
 Temple: D:4-7

Altars:
Qazlal

Annotations:
D:3 3 runed translucent doors, Iamsock's ghost, amateur GnWn; Sigmund
D:4 Blork the orc


Message History

You start resting.
Your magical contamination has completely faded away.
Magic restored.
Key pressed, stopping explore.
HP restored.
Found a flail.
You see here a +0 flail.
Done exploring.
Done exploring.
Done exploring.
Done exploring.
(D) Dungeon
Where to? (Enter - D:1 @ (x,y), ? - help)
You see here a +0 dagger.
There is an escape hatch in the ceiling here.
There is a stone staircase leading down here.
You climb downwards.
Found a potion of curing.
There is a stone staircase leading up here.
Unknown command.
Unknown command.
l - 2 potions of curing (gained 1)
There is a stone staircase leading up here.
There is a stone staircase leading up here.
A bat and a rat come into view.
Found a scroll labelled EMA MIEDUDILUN.
There are monsters nearby!
There are monsters nearby!
There are monsters nearby!
The magic dart hits the bat.
The bat is moderately wounded.
The magic dart hits the bat.
The bat is severely wounded.
The bat barely misses you.
The magic dart hits the bat.
You kill the bat!
The magic dart hits the rat.
You kill the rat!
You can't see any susceptible monsters within range! (Use Z to cast anyway.) Magic restored.
You now have 93 gold pieces (gained 8).
You see here a +0 ring mail.
h - 3 scrolls labelled EMA MIEDUDILUN (gained 1)
A kobold comes into view. It is wielding a +0 club.
Found a robe.
The kobold shouts!
The magic dart hits the kobold.
The kobold is moderately wounded.
A rat comes into view.
The magic dart hits the kobold.
You kill the kobold!
The magic dart hits the rat.
The rat is severely wounded.
The magic dart hits the rat.
You kill the rat!
There's nothing to open nearby.
Memorise Searing Ray, consuming 2 spell levels and leaving 4?
You start memorising the spell.
You continue memorising. x2
You finish memorising.
Spell assigned to 'b'.
Okay, then.
Magic restored.
You see here a +0 robe.
You now have 102 gold pieces (gained 9).
You now have 109 gold pieces (gained 7).
m - an amethyst potion
Found a stone staircase leading down.
h - 4 scrolls labelled EMA MIEDUDILUN (gained 1)
There is a stone staircase leading down here.
An adder comes into view.
You miscast Magic Dart.
You are very lightly contaminated with residual magic.
Nothing appears to happen.
There is a stone staircase leading down here.
You start resting.
Your magical contamination has completely faded away.
The adder hisses angrily.
The magic dart hits the adder.
The adder is severely wounded.
The magic dart hits the adder.
The adder is almost dead.
The magic dart hits the adder.
You kill the adder!
Magic restored.
You see here an adder corpse.
Found a whip.
You now have 124 gold pieces (gained 15).
Found an escape hatch in the floor.
A frilled lizard comes into view.
A frilled lizard is nearby!
The magic dart hits the frilled lizard.
You kill the frilled lizard!
You can't see any susceptible monsters within range! (Use Z to cast anyway.)
There is an escape hatch in the floor here.
You see here a frilled lizard corpse.
Found a stone staircase leading down.
There is a stone staircase leading down here.
An orc comes into view. It is wielding a +0 hand axe.
The orc shouts!
The magic dart hits the orc.
The orc is almost dead.
The magic dart hits the orc.
You kill the orc!
An orc wizard comes into view. It is wielding a +0 dagger.
An orc wizard is nearby!
The magic dart hits the orc wizard.
The orc wizard is lightly wounded.
The orc wizard shouts!
The magic dart hits the orc wizard.
The orc wizard is moderately wounded.
The orc wizard gestures at you while chanting.
You are confused.
An orc wizard comes into view. It is wielding a +0 dagger.
You're too confused to cast spells.
Unknown command.
You bump into the rock wall.
The orc wizard points at you and mumbles some strange words.
The puff of flame hits you!
The orc wizard gestures at you while chanting.
The puff of flame hits you.
You bump into the rock wall.
You feel less confused.
The orc wizard mumbles some strange words.
The orc wizard flickers and vanishes!
Deactivating autopickup; reactivate with Ctrl-A.
There is a stone staircase leading down here.
You are confused.
You bump into the rock wall.
You are more confused.
You bump into the rock wall.
You bump into the rock wall.
You're too confused to move!
You're too confused to move!
You feel better.
You hear some strange, mumbled words.
You are confused.
The orc wizard gestures at you while chanting.
The magic dart hits something!
Something hits you. The orc wizard casts a spell at you.
An orc wizard appears from thin air!
Reactivating autopickup.
You bump into the rock wall.
The orc wizard hits you with a +0 dagger.
You're too confused to move!
The orc wizard hits you with a +0 dagger.
The orc wizard attacks as you move away!
The orc wizard misses you.
You feel less confused.
The orc wizard casts a spell.
The orc wizard flickers and vanishes!
Deactivating autopickup; reactivate with Ctrl-A.
The orc wizard gestures at you while chanting.
The magic dart hits you!
A magic dart appears from out of thin air!
The magic dart hits you.
* * * LOW HITPOINT WARNING * * *
You are confused.
You bump into the rock wall.
You feel better. The orc wizard closely misses you.
The orc wizard attacks as you move away!
The orc wizard hits you with a +0 dagger.
Casting: Magic Dart (safe; 3% risk of failure)
Confirm with . or Enter, or press ? or * to list all spells.
Aiming: Searing Ray (safe; 5% risk of failure)
Press: ? - help, Shift-Dir - straight line, f/p - orc wizard
Aim: an orc wizard, wielding a +0 dagger and wearing a +0 robe (severely wounded, 70% to hit)
The searing ray hits the orc wizard.
The orc wizard is almost dead. (Press . to maintain the ray.)
The orc wizard gestures at you while chanting.
The puff of flame hits you!
* * * LOW HITPOINT WARNING * * *
The searing ray misses the orc wizard.
The orc wizard casts a spell at you.
You are confused.
The orc wizard hits you with a +0 dagger.
* * * LOW HITPOINT WARNING * * *
Unknown command.
You bump into the rock wall.
The orc wizard hits you with a +0 dagger.
* * * LOW HITPOINT WARNING * * *
Unknown command.
You bump into the rock wall.
You feel less confused.
The orc wizard hits you with a +0 dagger.
* * * LOW HITPOINT WARNING * * *
Unknown command.
Casting: Searing Ray (safe; 5% risk of failure)
Confirm with . or Enter, or press ? or * to list all spells.
Aiming: Searing Ray (safe; 5% risk of failure)
Press: ? - help, Shift-Dir - straight line, f/p - orc wizard
Aim: an orc wizard, wielding a +0 dagger and wearing a +0 robe (severely wounded, 70% to hit)
The searing ray hits the orc wizard.
The orc wizard is almost dead. (Press . to maintain the ray.)
The orc wizard hits you but does no damage.
The searing ray hits the orc wizard.
The orc wizard is almost dead.
The orc wizard hits you with a +0 dagger.
* * * LOW HITPOINT WARNING * * *
The searing ray misses the orc wizard.
The searing ray hits something.
* * * LOW MAGIC WARNING * * *
The orc wizard points at you and mumbles some strange words.
You resist with some effort.
Unknown command.
You aren't carrying any items that you can evoke.
Unknown command.
The searing ray misses the orc wizard.
The searing ray hits something!
Reactivating autopickup.
You feel a bit more experienced.
* * * LOW MAGIC WARNING * * *
You finish channelling your searing ray.
The orc wizard hits you but does no damage.
You have reached level 5!
You feel stronger.
Unknown command.
Unknown command.
It was a potion of attraction.
You feel attractive to monsters.
The orc wizard hits you with a +0 dagger.
* * * LOW HITPOINT WARNING * * *
You hit the orc wizard.
You kill the orc wizard!
You start resting.
You feel less attractive to monsters.
There is a stone staircase leading up here.
You start resting.
Magic restored.
You start resting.
HP restored.
You now have 134 gold pieces (gained 10).
l - a scroll labelled IDGHEH VIBEJ
n - a +0 pair of boots
Found a dagger.
You start putting on your armour.
You continue putting on your +0 pair of boots. x4
You finish putting on your +0 pair of boots.
An orc comes into view. It is wielding a +0 short sword.
An orc is nearby!
An orc is nearby!
The magic dart hits the orc.
The orc is lightly wounded.
The orc shouts!
The magic dart hits the orc.
The orc is severely wounded.
The orc drinks a potion.
The orc is healed!
The magic dart hits the orc.
The orc is severely wounded.
The magic dart hits the orc.
You kill the orc!
You can't see any susceptible monsters within range! (Use Z to cast anyway.) Magic restored.
You see here a +0 dagger.
h - 5 scrolls labelled EMA MIEDUDILUN (gained 1)
You now have 142 gold pieces (gained 8).
Things that are here:
a +0 short sword; an orc corpse
Found a stone staircase leading up.
There is a stone staircase leading up here.
An orc comes into view. It is wielding a +0 flail.
An orc is nearby!
The magic dart hits the orc.
You kill the orc!
You hear a shout!
A hobgoblin comes into view.
You hear a shout! x4
The magic dart hits the hobgoblin.
The hobgoblin is moderately wounded.
You hear a shout! x4
The magic dart hits the hobgoblin.
The hobgoblin is severely wounded.
The magic dart hits the hobgoblin.
You kill the hobgoblin!
A goblin comes into view. It is wielding a +3 dagger.
A goblin is nearby!
A goblin is nearby!
The magic dart hits the goblin.
You kill the goblin!
You hear a shout!
A hobgoblin comes into view.
You hear a shout!
A hobgoblin is nearby!
The magic dart hits the hobgoblin.
The hobgoblin is heavily wounded.
The magic dart hits the hobgoblin.
The hobgoblin is almost dead.
* * * LOW MAGIC WARNING * * *
A hobgoblin comes into view.
The magic dart hits the hobgoblin.
You kill the hobgoblin!
* * * LOW MAGIC WARNING * * *
Robin of the Strong Arm comes into view.
They are wielding a +0 club.
The magic dart hits the hobgoblin.
The hobgoblin is moderately wounded.
* * * LOW MAGIC WARNING * * *
The hobgoblin closely misses you.
Robin roars a battlecry!
The hobgoblin goes into a battle-frenzy!
A goblin comes into view. It is wielding a +0 dagger.
The hobgoblin attacks as you move away! The hobgoblin barely misses you.
The hobgoblin attacks as you move away! The hobgoblin barely misses you.
The hobgoblin attacks as you move away! The hobgoblin completely misses you.
The hobgoblin attacks as you move away! The hobgoblin hits you.
The hobgoblin attacks as you move away! The hobgoblin barely misses you.
There is a stone staircase leading up here.
The hobgoblin hits you but does no damage.
You climb upwards.
There is a stone staircase leading down here.
You closely miss the hobgoblin.
The hobgoblin is moderately wounded.
The hobgoblin hits you.
You hit the hobgoblin.
The hobgoblin is heavily wounded.
The hobgoblin barely misses you.
You closely miss the hobgoblin.
The hobgoblin is heavily wounded.
The hobgoblin no longer looks unusually strong.
The hobgoblin hits you but does no damage.
You barely miss the hobgoblin.
The hobgoblin is heavily wounded.
The hobgoblin hits you.
You closely miss the hobgoblin.
The hobgoblin is heavily wounded.
The hobgoblin hits you but does no damage.
You barely miss the hobgoblin.
The hobgoblin is heavily wounded.
The hobgoblin closely misses you.
You hit the hobgoblin.
The hobgoblin is severely wounded.
The hobgoblin hits you.
You hit the hobgoblin but do no damage.
The hobgoblin is severely wounded.
The hobgoblin hits you.
You closely miss the hobgoblin.
The hobgoblin is severely wounded.
The hobgoblin hits you but does no damage.
You hit the hobgoblin.
The hobgoblin is almost dead.
The hobgoblin hits you.
You completely miss the hobgoblin.
The hobgoblin is almost dead.
The hobgoblin misses you.
You hit the hobgoblin.
You kill the hobgoblin!
You start resting.
A worm is nearby!
You start resting.
A worm is nearby!
The magic dart hits the worm.
The worm is lightly wounded.
The magic dart hits the worm.
The worm is moderately wounded.
The magic dart hits the worm.
The worm is heavily wounded.
The magic dart hits the worm.
The worm is heavily wounded.
The magic dart hits the worm.
The worm is heavily wounded.
The magic dart hits the worm.
The worm is severely wounded.
* * * LOW MAGIC WARNING * * *
The magic dart hits the worm.
The worm is almost dead.
* * * LOW MAGIC WARNING * * *
You are out of magic!
You are out of magic!
The worm bites you!
* * * LOW HITPOINT WARNING * * *
You hit the worm.
You kill the worm!
Your Conjurations skill increases to level 5!
You start resting.
Magic restored.
HP restored.
Done exploring.
There is a stone staircase leading down, spattered with blood here.
You climb downwards.
Level annotation: Robin
There is a stone staircase leading up here.
Casting: Magic Dart (safe; 2% risk of failure)
Confirm with . or Enter, or press ? or * to list all spells.
Aiming: Searing Ray (safe; 3% risk of failure)
Press: ? - help, Shift-Dir - straight line, f - Robin
Aim: Robin, wielding a +0 club, wearing a +0 animal skin and wearing a +0 helmet (84% to hit)
You miscast Searing Ray.
You are very lightly contaminated with residual magic.
Nothing appears to happen.
Robin hits you with a +0 club.
Casting: Searing Ray (safe; 3% risk of failure)
Confirm with . or Enter, or press ? or * to list all spells.
Aiming: Searing Ray (safe; 3% risk of failure)
Press: ? - help, Shift-Dir - straight line, f/p - Robin
Aim: Robin, wielding a +0 club, wearing a +0 animal skin and wearing a +0 helmet (84% to hit)
The searing ray hits Robin!
Robin is almost dead. (Press . to maintain the ray.) Robin closely misses you.
The searing ray hits Robin.
You kill Robin!
Items here: ) [[ †.
o - a +0 helmet Your magical contamination has completely faded away.
You start removing your armour.
You continue taking off your +0 hat. x2
The goblin shouts!
You continue taking off your +0 hat.
The goblin hits you but does no damage.
You continue taking off your +0 hat.
The goblin hits you with a +0 dagger.
You finish taking off your +0 hat.
There is a stone staircase leading up here.
Casting: Searing Ray (safe; 3% risk of failure)
Confirm with . or Enter, or press ? or * to list all spells.
Aiming: Searing Ray (safe; 3% risk of failure)
Press: ? - help, Shift-Dir - straight line, f - goblin
Aim: a goblin, wielding a +0 dagger (72% to hit)
The searing ray hits the goblin.
You kill the goblin!
The searing ray misses the goblin. (Press . to maintain the ray.)
The searing ray hits the goblin!
You kill the goblin!
* * * LOW MAGIC WARNING * * *
There is a stone staircase leading up, spattered with blood here.
Things that are here:
a +0 club; a +0 dagger
Things that are here:
a +0 club; a +0 animal skin; the hobgoblin corpse of Robin
There is a stone staircase leading up, spattered with blood here.
Things that are here:
a +0 club; a +0 dagger Keep equipping yourself? [Y]es or [N]o only, please.
Keep equipping yourself? [Y]es or [N]o only, please.
Keep equipping yourself?
You stop putting on your armour.
You climb upwards.
There is a stone staircase leading down, spattered with blood here.
You start putting on your armour.
You continue putting on your +0 helmet. x4
You finish putting on your +0 helmet.
You drop a +0 hat.
You start resting.
HP restored.
Unknown command.
You climb downwards.
The goblin shouts!
There is a stone staircase leading up, spattered with blood here.
Things that are here:
a +0 club; a +0 dagger The magic dart hits the goblin.
You kill the goblin!
You can't see any susceptible monsters within range! (Use Z to cast anyway.)
Items here: )) [ †.
Magic restored.
A hobgoblin comes into view.
The hobgoblin moves out of view.
(D) Dungeon
Where to? (Enter - D:3 @ (x,y), ? - help)
(D) Dungeon
Where to? (Enter - D:3 @ (x,y), ? - help)
A hobgoblin comes into view.
The magic dart hits the hobgoblin but does no damage.
The magic dart hits the hobgoblin.
The hobgoblin is moderately wounded.
You can't see any susceptible monsters within range! (Use Z to cast anyway.)
Things that are here:
a +0 flail; a +3 dagger; an orc skeleton The magic dart hits the hobgoblin.
The hobgoblin is severely wounded.
The magic dart hits the hobgoblin.
You kill the hobgoblin!
c - a +3 dagger
c - a +3 dagger (weapon)
You drop a +0 dagger.
A hobgoblin is nearby!
A hobgoblin is nearby!
The magic dart hits the hobgoblin.
The hobgoblin is almost dead.
The hobgoblin shouts!
You miscast Magic Dart.
You are very lightly contaminated with residual magic.
Nothing appears to happen.
The magic dart hits the hobgoblin.
You kill the hobgoblin!
You can't see any susceptible monsters within range! (Use Z to cast anyway.)
Your magical contamination has completely faded away.
A goblin comes into view. It is wielding a +0 club.
A goblin is nearby!
A goblin is nearby!
The magic dart hits the goblin.
The goblin is moderately wounded.
The goblin shouts!
The goblin unwields a +0 club.
The goblin wields a +0 vorpal sling.
The goblin shoots a sling bullet.
The sling bullet hits you but does no damage.
The magic dart hits the goblin.
The goblin is heavily wounded.
The goblin shoots a sling bullet.
The sling bullet hits you.
The magic dart hits the goblin.
You kill the goblin!
You can't see any susceptible monsters within range! (Use Z to cast anyway.) HP restored.
You see here a hobgoblin corpse.
Found a stone staircase leading up and a stone staircase leading down.
Things that are here:
a +0 vorpal sling; a +0 club You now have 156 gold pieces (gained 14).
A frilled lizard comes into view.
The frilled lizard hisses angrily.
A frilled lizard is nearby!
A frilled lizard is nearby!
A frilled lizard is nearby!
You barely miss the frilled lizard. The frilled lizard closely misses you.
You closely miss the frilled lizard. The frilled lizard barely misses you.
You hit the frilled lizard.
The frilled lizard is heavily wounded.
The frilled lizard bites you.
You puncture the frilled lizard!
You kill the frilled lizard!
No target in view!
You see here a frilled lizard corpse.
Found a leather armour.
You see here a +0 leather armour.
A goblin comes into view. It is wielding a +0 dagger of venom.
The goblin shouts!
A goblin is nearby!
You barely miss the goblin. The goblin barely misses you.
You puncture the goblin!
You kill the goblin!
No target in view!
Things that are here:
a +0 dagger of venom; a goblin corpse
a - a +0 dagger of venom Your +0 dagger of venom begins to drip with poison!
a - a +0 dagger of venom (weapon)
Found a stormy altar of Qazlal.
An adder comes into view.
The adder hisses angrily.
An adder is nearby!
An adder is nearby!
You barely miss the adder. The adder bites you.
You puncture the adder!
The adder is poisoned.
The adder is severely wounded.
The adder completely misses you.
You closely miss the adder.
The adder is almost dead.
You kill the adder!
No target in view!
You see here an adder corpse.
You see here an adder corpse.
You see here a hobgoblin skeleton.
A goblin comes into view. It is wielding a +0 club.
The goblin shouts!
A goblin is nearby!
A goblin is nearby!
A goblin is nearby!
The magic dart hits the goblin.
You kill the goblin!
You can't see any susceptible monsters within range! (Use Z to cast anyway.)
k - 2 fizzy white potions (gained 1)
You see here a +0 club.
An adder comes into view.
The adder hisses angrily.
An adder is nearby!
An adder is nearby!
The magic dart hits the adder.
The adder is moderately wounded.
The magic dart hits the adder.
The adder is almost dead.
The magic dart hits the adder.
You kill the adder!
No target in view!
An orc wizard comes into view. It is wielding a +0 dagger.
An orc wizard is nearby!
An orc wizard is nearby!
The magic dart hits the orc wizard but does no damage.
The orc wizard shouts!
The magic dart hits the orc wizard.
The orc wizard is lightly wounded.
The magic dart hits the orc wizard.
The orc wizard is heavily wounded.
The magic dart hits the orc wizard.
The orc wizard is severely wounded.
* * * LOW MAGIC WARNING * * *
The orc wizard points at you and mumbles some strange words.
You resist with some effort.
The magic dart hits the orc wizard.
You kill the orc wizard!
* * * LOW MAGIC WARNING * * *
You can't see any susceptible monsters within range! (Use Z to cast anyway.)
p - a potion of curing
h - 6 scrolls labelled EMA MIEDUDILUN (gained 1)
You now have 160 gold pieces (gained 4).
Things that are here:
a +0 dagger; a +0 robe; an orc corpse Terence the Incautious comes into view.
He is wielding a +0 hand axe.
Terence is nearby!
The magic dart hits Terence.
Terence is lightly wounded.
Terence shouts!
The magic dart hits Terence.
Terence is moderately wounded.
The magic dart hits Terence.
Terence is heavily wounded.
The magic dart hits Terence.
Terence is severely wounded.
The magic dart hits Terence but does no damage.
Terence is severely wounded.
The magic dart hits Terence but does no damage.
Terence is severely wounded.
The magic dart hits Terence but does no damage.
Terence is severely wounded.
* * * LOW MAGIC WARNING * * *
Terence hits you with a +0 hand axe.
You closely miss Terence.
Terence is severely wounded.
Terence hits you with a +0 hand axe.
You hit Terence.
Terence is severely wounded.
Terence hits you with a +0 hand axe.
You closely miss Terence.
Terence is severely wounded.
Terence hits you with a +0 hand axe.
You are too injured to fight recklessly!
You are too injured to fight recklessly!
You are too injured to fight recklessly!
Press: ? - help, v - describe, . - travel
Here: Terence, wielding a +0 hand axe and wearing a +0 scale mail (severely wounded)
The floor.
Unknown command.
Unknown command.
Unknown command.
Unknown command.
Unknown command.
You hit Terence but do no damage.
Terence is poisoned.
Terence is severely wounded.
Terence barely misses you.
You hit Terence.
You kill Terence!
You have reached level 6!
q - a smoky amethyst potion
Things that are here:
a +0 hand axe; a +0 scale mail; the human corpse of Terence
Things that are here:
a +0 dagger; a +0 robe; an orc skeleton You see here an adder skeleton.
Key pressed, stopping explore.
A goblin comes into view. It is wielding a +0 dagger.
A goblin is nearby!
The magic dart hits the goblin.
You kill the goblin!
You can't see any susceptible monsters within range! (Use Z to cast anyway.) Sigmund the Dreaded comes into view.
He is wielding a +0 scythe.
Sigmund is nearby!
Press: ? - help, v - describe, . - travel
Here: Sigmund, wielding a +0 scythe and wearing a +0 robe (asleep)
The floor.
r - a scroll labelled UNOADU RIODOE A goblin comes into view.
It is wielding a +0 club.
A goblin is nearby!
The magic dart hits the goblin.
The goblin is heavily wounded.
The goblin shouts!
The magic dart hits the goblin.
The goblin is severely wounded.
The magic dart hits the goblin!
You kill the goblin!
You can't see any susceptible monsters within range! (Use Z to cast anyway.) Search for what [? for help]? armor
Things that are here:
a +0 robe; a +0 dagger
Things that are here:
a +0 robe; a +0 dagger
There is a stone staircase leading up here.
You climb upwards.
There is a stone staircase leading down here.
Magic restored.
There is a stone staircase leading up here.
You climb upwards.
There is a stone staircase leading down here.
You see here a +3 leather armour of fire resistance.
s - a +3 leather armour of fire resistance You start removing your armour.
You continue taking off your +0 robe. x4
You finish taking off your +0 robe.
You start putting on your armour.
You continue putting on your +3 leather armour of fire resistance. x5
You finish putting on your +3 leather armour of fire resistance.
You feel resistant to fire.
You drop a +0 robe.
Okay, then.
Unknown command.
(D) Dungeon
Where to? (Enter - D:1 @ (x,y), ? - help)
There is a stone staircase leading down here.
You climb downwards.
There is a stone staircase leading up here.
Done exploring.
Done exploring.
Done exploring.
(D) Dungeon
Where to? (Enter - D:2, ? - help)
There is a stone staircase leading down here.
You climb downwards.
Level annotation: Sigmund
There is a stone staircase leading up here.
Things that are here:
a +0 robe; a +0 dagger You see here a +0 ring mail.
Things that are here:
a +0 club; a goblin corpse Key pressed, stopping explore.
There is an escape hatch in the floor here.
There is a stone staircase leading down here.
You see here a +0 hand axe.
Found an escape hatch in the ceiling.
Found a runed translucent gate.
There is an escape hatch in the ceiling here.
Found a runed translucent gate.
Iamsock's ghost turns its malevolent gaze towards you.
The kobold shouts! x2; You hear a shout!
The kobold shouts!
The kobold brigand shouts!
The kobold shouts!
You hear a shout!
The kobold shouts! x2
Key pressed, stopping explore.
There is an escape hatch in the ceiling here.
You see here a +0 hand axe.
There is a stone staircase leading down here.
You see here a +0 robe.
There is a stone staircase leading down here.
You see here a +0 hand axe.
There is an escape hatch in the ceiling here.
The kobold shouts! x2; You hear a shout! x3
The kobold brigand shouts!
The kobold shouts!
The kobold shouts!
Iamsock's ghost turns its malevolent gaze towards you.
The kobold shouts!
Could not explore, unopened runed door.
Could not explore, unopened runed door.
Could not explore, unopened runed door.
(D) Dungeon
Where to? (Enter - D:3, ? - help)
There is an escape hatch in the ceiling here.
You see here a +0 hand axe.
There is a stone staircase leading down here.
You climb downwards.
Found 9 gold pieces, a potion of attraction and a scroll labelled IDGHEH VIBEJ.
There is a stone staircase leading up here.
There are monsters nearby!
The magic dart hits the iguana but does no damage.
The magic dart hits the iguana.
The iguana is moderately wounded.
The iguana hisses menacingly.
The iguana bites you.
You climb upwards.
Level annotation: 3 runed translucent doors, Iamsock's ghost, amateur GnWn; Sigmund
There is a stone staircase leading down here.
You hit the iguana.
The iguana is severely wounded.
The iguana bites you!
You barely miss the iguana.
The iguana is severely wounded.
The iguana bites you but does no damage.
You barely miss the iguana.
The iguana is severely wounded.
The iguana bites you.
You hit the iguana.
The iguana is poisoned.
The iguana is almost dead.
You kill the iguana!
Your Conjurations skill increases to level 6!
No target in view!
No target in view!
Magic restored.
HP restored.
You see here a +0 hand axe.
There is an escape hatch in the ceiling here.
The kobold shouts!
Iamsock's ghost turns its malevolent gaze towards you.
You hear a shout!
The kobold brigand shouts!
You hear a shout! x3
The kobold shouts!
The kobold shouts! x3; You hear a shout!
Iamsock's ghost whispers, "I have become one of them."
There is an escape hatch in the ceiling here.
You see here a +0 hand axe.
There is a stone staircase leading down, spattered with blood here.
There is a stone staircase leading down here.
You climb downwards.
There is a stone staircase leading up here.
The magic dart hits the goblin.
You kill the goblin!
The magic dart hits the hound.
The hound is lightly wounded.
The magic dart hits the hound.
The hound is moderately wounded.
The magic dart hits the hound.
The hound is heavily wounded.
The magic dart hits the hound.
The hound is heavily wounded.
The iguana hisses angrily.
The hound bites you.
You hit the hound but do no damage.
The hound is poisoned.
The hound is heavily wounded.
The hound bites you.
You hit the hound.
The hound looks as sick as possible!
The hound is almost dead.
The hound barely misses you. x2
You hit the hound.
You kill the hound!
The iguana hisses menacingly.
The magic dart hits the iguana.
The iguana is lightly wounded.
The magic dart hits the iguana.
The iguana is moderately wounded.
You hit the iguana.
The iguana is poisoned.
The iguana is moderately wounded.
The iguana bites you!
You hit the iguana.
The iguana looks as sick as possible!
The iguana is almost dead.
You kill the iguana!
You can't see any susceptible monsters within range! (Use Z to cast anyway.)
A goblin comes into view. It is wielding a +0 club.
A goblin is nearby!
The magic dart hits the goblin.
You kill the goblin!
You can't see any susceptible monsters within range! (Use Z to cast anyway.) Magic restored.
HP restored.
l - 2 scrolls labelled IDGHEH VIBEJ (gained 1)
You now have 169 gold pieces (gained 9).
An adder comes into view.
An adder is nearby!
The magic dart hits the adder.
The adder is lightly wounded.
The magic dart hits the adder.
The adder is heavily wounded.
The magic dart hits the adder!
You kill the adder!
You can't see any susceptible monsters within range! (Use Z to cast anyway.)
f - 2 potions of attraction (gained 1)
Found a stone staircase leading down.
Found 4 stones.
You see here 4 stones.
A goblin comes into view. It is wielding a +0 club.
The magic dart hits the goblin.
You kill the goblin!
Things that are here:
a +0 club; a goblin corpse
Found a stone staircase leading down.
There is a stone staircase leading down here.
Found a hand axe.
b - 2 coppery potions You now have 178 gold pieces (gained 9).
An ufetubus comes into view.
The ufetubus shouts!
An ufetubus is nearby!
An ufetubus is nearby!
The magic dart hits the ufetubus.
The ufetubus is severely wounded.
The ufetubus misses you. x2
The magic dart hits the ufetubus.
The ufetubus is almost dead.
The ufetubus hits you but does no damage.
The ufetubus completely misses you.
The magic dart hits the ufetubus.
You kill the ufetubus!
A hobgoblin comes into view.
A hobgoblin is nearby!
A hobgoblin is nearby!
The magic dart hits the hobgoblin.
The hobgoblin is severely wounded.
The magic dart hits the hobgoblin.
The hobgoblin is almost dead.
An iguana comes into view.
The magic dart hits the hobgoblin.
You kill the hobgoblin!
The magic dart hits the iguana.
The iguana is lightly wounded.
The magic dart hits the iguana.
The iguana is moderately wounded.
The magic dart hits the iguana.
The iguana is heavily wounded.
The magic dart hits the iguana.
The iguana is severely wounded.
You hit the iguana but do no damage.
The iguana is poisoned.
The iguana is severely wounded.
The iguana bites you.
You hit the iguana.
You kill the iguana!
No target in view!
Found a stone staircase leading up.
An iguana comes into view.
An iguana is nearby!
The magic dart hits the iguana.
The iguana is moderately wounded.
The magic dart hits the iguana.
The iguana is heavily wounded.
The magic dart hits the iguana but does no damage.
The iguana is heavily wounded.
The iguana completely misses you.
You hit the iguana.
The iguana is poisoned.
The iguana is almost dead.
The iguana bites you.
You hit the iguana but do no damage.
The iguana is almost dead.
The iguana bites you!
You hit the iguana.
You kill the iguana!
No target in view!
No target in view!
There is a stone staircase leading down here.
t - a wand of digging (4)
You now have 191 gold pieces (gained 13).
Found a dagger.
u - a wand of iceblast (8)
An adder comes into view.
An adder is nearby!
An adder is nearby!
The magic dart hits the adder.
The adder is heavily wounded.
The adder hisses angrily.
The magic dart hits the adder.
The adder is severely wounded.
The magic dart hits the adder.
You kill the adder!
Found a helmet.
An adder comes into view.
The magic dart hits the adder.
The adder is moderately wounded.
The adder hisses angrily.
An adder is nearby!
An adder is nearby!
The magic dart hits the adder.
The adder is severely wounded.
The magic dart hits the adder!
You kill the adder!
You can't see any susceptible monsters within range! (Use Z to cast anyway.)
Found 3 boomerangs.
A kobold comes into view. It is wielding a +0 whip.
Found a runed lead wand and 3 stones.
Found a stone staircase leading down.
The kobold shouts!
The kobold moves out of view.
Found a scroll labelled EMA MIEDUDILUN.
The magic dart hits the kobold.
You kill the kobold!
You can't see any susceptible monsters within range! (Use Z to cast anyway.)
You see here a +0 helmet.
You now have 201 gold pieces (gained 10).
v - a wand of acid (4)
There is a stone staircase leading down here.
h - 7 scrolls labelled EMA MIEDUDILUN (gained 1)
You now have 216 gold pieces (gained 15).
Things that are here:
a +0 whip; a kobold corpse Blork the orc comes into view.
He is wielding a +8 quarterstaff.
Found a faded altar of an unknown god.
Blork the orc shouts!
The magic dart hits Blork the orc but does no damage.
Blork the orc casts a cantrip, but nothing happens.
Press: ? - help, v - describe, . - travel
Here: Blork the orc, wielding a +8 quarterstaff and wearing a +0 robe The floor.
Unknown command.
Unknown command.
Unknown command.
Unknown command.
Unknown command.
Unknown command.
You start waiting.
Blork the orc is nearby!
Casting: Magic Dart (safe; 1% risk of failure)
Confirm with . or Enter, or press ? or * to list all spells.
Aiming: Searing Ray (safe; 2% risk of failure)
Press: ? - help, Shift-Dir - straight line, f/p - Blork the orc
Aim: Blork the orc, wielding a +8 quarterstaff and wearing a +0 robe (81% to hit)
The searing ray hits Blork the orc.
Blork the orc is lightly wounded. (Press . to maintain the ray.)
The searing ray hits Blork the orc!
Blork the orc is heavily wounded.
Blork the orc gestures at you while chanting.
The puff of flame hits you. You resist.
The searing ray misses Blork the orc.
Blork the orc hits you with a +8 quarterstaff!
The searing ray hits Blork the orc.
Blork the orc is heavily wounded.
You finish channelling your searing ray.
Blork the orc mumbles some strange words.
Blork the orc seems to speed up.
You closely miss Blork the orc.
Blork the orc is heavily wounded.
Blork the orc hits you with a +8 quarterstaff! x2
* * * LOW HITPOINT WARNING * * *
Okay, then.
You hit Blork the orc.
Blork the orc is poisoned.
Blork the orc is severely wounded.
Blork the orc hits you with a +8 quarterstaff!
* * * LOW HITPOINT WARNING * * *
You hit Blork the orc.
Blork the orc looks even sicker.
Blork the orc is severely wounded.
Blork the orc hits you with a +8 quarterstaff.
You die...

#.......#########
#...(.....(......
#...>............
#................
##.)..............
#.................
#.......[.........
#.#####........###
#.###.@.########
#....o### #......§##
.#
##.####..§#######§§.##
#..# #.§§§§§§o§.§....
#.## ##§§§§§§§§§§#...
#.# #§§§§§§§§§§§...
#.# #.§#######§..###
##.# #### #.#...#.##


You could see Blork the orc (fast, very poisoned).

Vanquished Creatures
  A hound (D:4)
  Jessica (D:2)
  4 iguanas
  3 orc wizards (D:3)
  Terence (D:3)
  Robin (D:3)
  8 adders
  An ufetubus (D:4)
  A worm (D:2)
  3 orcs (D:3)
  3 ball pythons (D:1)
  3 endoplasms (D:1)
  15 goblins
  11 hobgoblins
  4 kobolds
  A quokka (D:1)
  3 bats
  5 frilled lizards
  9 rats
78 creatures vanquished.

Notes
Turn   | Place    | Note
-------+----------+-------------------------------------------
     0 | D:1      | sleeves the Hill Orc Hedge Wizard began the quest for the
                  | Orb.
     0 | D:1      | Reached XP level 1. HP: 14/14 MP: 3/3
   362 | D:1      | HP: 7/14 [goblin/+0 dagger (2)]
   587 | D:1      | HP: 6/14 [ball python (2)]
   590 | D:1      | HP: 2/14 [quokka (4)]
   592 | D:1      | Reached skill level 2 in Conjurations
   592 | D:1      | Reached XP level 2. HP: 3/20 MP: 0/5
  1237 | D:1      | Found a faded altar of an unknown god.
  1921 | D:2      | Reached skill level 3 in Conjurations
  1921 | D:2      | Reached XP level 3. HP: 26/26 MP: 2/6
  2351 | D:2      | Noticed Jessica
  2438 | D:2      | HP: 11/26 [worm (5)]
  2948 | D:2      | HP: 12/26 [Jessica/+0 dagger (4)]
  2951 | D:2      | Killed Jessica
  2952 | D:2      | Reached skill level 4 in Conjurations
  2952 | D:2      | Reached XP level 4. HP: 14/33 MP: 1/7
  3289 | D:3      | Learned a level 2 spell: Searing Ray
  3532 | D:3      | HP: 13/33 [something/magic dart (6)]
  3538 | D:3      | HP: 11/33 [orc wizard/puff of flame (11)]
  3543 | D:3      | HP: 7/33 [orc wizard/+0 dagger (3)]
  3546 | D:3      | HP: 3/33 [orc wizard/+0 dagger (2)]
  3549 | D:3      | Reached XP level 5. HP: 4/38 MP: 0/8
  3977 | D:3      | Noticed Robin
  4046 | D:2      | HP: 18/38 [worm (11)]
  4048 | D:2      | Reached skill level 5 in Conjurations
  4224 | D:3      | Killed Robin
  4511 | D:3      | Found a stormy altar of Qazlal.
  4679 | D:3      | Noticed Terence
  4691 | D:3      | Killed Terence
  4692 | D:3      | Reached XP level 6. HP: 29/45 MP: 2/9
  4868 | D:3      | Noticed Sigmund
  5279 | D:3      | Found a runed translucent gate.
  5281 | D:3      | Found a runed translucent gate.
  5282 | D:3      | Noticed Iamsock's ghost (amateur GnWn)
  5283 | D:3      | Found a runed translucent gate.
  5542 | D:3      | Reached skill level 6 in Conjurations
  6387 | D:4      | Found a faded altar of an unknown god.
  6387 | D:4      | Noticed Blork the orc
  6407 | D:4      | HP: 13/45 [Blork the orc/+8 quarterstaff (10)]
  6408 | D:4      | HP: 3/45 [Blork the orc/+8 quarterstaff (11)]
  6409 | D:4      | Slain by Blork the orc

Illustrated notes

Levels and vault maps discovered:
D:1:      mushboom_english_gardens, layout_loops_corners,
          basic_ecumenical_altar, fountainhead
D:2:      layout_loops_cross, minmay_pentomino_pile, uniq_jessica
D:3:      layout_loops_ring, mainiacjoe_overflow_alcove_2,
          gammafunk_ghost_nasty_kobolds, uniq_sigmund, uniq_robin, uniq_terence
D:4:      layout_rooms, beargit_hepliaklqana_dungeon_heroes

Skill      XL: |  1  2  3  4  5  6 |
---------------+-------------------+-----
Conjurations   | 2 3 4 5 6 |  6.8
Dodging        | |  1.5
Stealth        | |  1.5
Spellcasting   | |  2.4
Summonings     | |  1.0
Translocations | |  0.7

Action                   |  1- 3 |  4- 6 || total
-------------------------+-------+-------++-------
Melee: Dagger            |    30 |    45 ||    75
 Cast: Magic Dart        |    83 |   101 ||   184
       Searing Ray       |       |     5 ||     5
  Use: Potion            |       |     3 ||     3
Armor: Robe              |     3 |     8 ||    11
       Leather armour    |       |     2 ||     2
Dodge: Dodged            |    20 |    23 ||    43
